 Dungeon Crawl Stone Soup version 0.19.1 (webtiles) character file.

1007 Pasabolo the Slasher (level 8, 0/68 HPs)
             Began as a Hill Orc Fighter on Dec 18, 2016.
             Slain by Prince Ribbit (9 damage)
             ... on level 5 of the Dungeon.
             The game lasted 00:27:19 (4625 turns).

Pasabolo the Slasher (Hill Orc Fighter)             Turns: 4625, Time: 00:27:19

Health: 0/68       AC: 17    Str: 18 (21) XL:     8   Next: 20%
Magic:  8/8        EV:  4    Int: 10 (11) God:
Gold:   246        SH:  9    Dex:  9 (10) Spells: 0 memorised, 7 levels left

rFire  . . .     SeeInvis .     a - +0 long sword
rCold  . . .     Gourm    .     y - +2 plate armour {MR+}
rNeg   + . .     Faith    .     c - +0 shield
rPois  .         Spirit   .     (no helmet)
rElec  .         Reflect  .     p - +0 cloak
rCorr  .         Harm     .     A - +0 pair of gloves
MR     +....                    (no boots)
Stlth  ..........               (no amulet)
                                r - +3 ring of intelligence
                                e - ring of positive energy

@: no status effects
A: no striking features
a: no special abilities


You were on level 5 of the Dungeon.
You were not hungry.

You visited 1 branch of the dungeon, and saw 5 of its levels.

You collected 246 gold pieces.

Inventory:

Hand Weapons
 a - a +0 long sword (weapon)
 i - a +0 hunting sling
 s - a +1 scythe of freezing
 E - a +1 vampiric trident
Missiles
 x - 46 bolts
 H - 19 poisoned needles
Armour
 b - a +0 scale mail
 c - a +0 shield (worn)
 k - a +0 pair of gloves
 p - a +0 cloak (worn)
 y - a +2 plate armour of magic resistance (worn)
 A - a +0 pair of gloves (worn)
 C - a cursed +0 ring mail
 F - a +3 scale mail
 J - a +2 robe of magic resistance
Magical Staves
 z - an uncursed staff of earth {unknown}
Rods
 L - a +1 lightning rod (14/14)
   (You found it on level 5 of the Dungeon)
Jewellery
 e - a ring of positive energy (left hand)
 r - a +3 ring of intelligence (right hand)
Scrolls
 j - a scroll of identify
 l - 2 scrolls of teleportation
 m - 2 scrolls of fog
 n - a scroll of enchant armour {unknown}
 v - a scroll of remove curse
 I - a scroll of recharging {unknown}
Potions
 d - a potion of might
 o - a potion of haste {unknown}
 q - 2 potions of degeneration
 t - a potion of agility {unknown}
 u - 2 potions of lignification
 w - 2 potions of curing {unknown}
 B - a potion of resistance {unknown}
 K - 2 potions of cure mutation {unknown}
Comestibles
 f - 2 bread rations
 g - a meat ration
 h - 2 fruits
 D - a slice of pizza


   Skills:
 + Level 5.2 Fighting
 + Level 6.4 Long Blades
 + Level 1.2 Throwing
 + Level 6.1 Armour
 + Level 0.4 Dodging
 + Level 0.1 Stealth
 + Level 5.6 Shields


You had 7 spell levels left.
You didn't know any spells.

Dungeon Overview and Level Annotations

Branches:
Dungeon (5/15)
 Temple: D:4-7

Altars:

Annotations:
D:5 Prince Ribbit


Message History

Prince Ribbit barely misses you.
The quokka zombie completely misses you.
You riposte.
You hit the quokka zombie.
The quokka zombie is severely damaged.
You block Prince Ribbit's attack.
You miss Prince Ribbit.
Prince Ribbit is moderately wounded.
Prince Ribbit hits you but does no damage.
You block the quokka zombie's attack. Prince Ribbit hits you!
* * * LOW HITPOINT WARNING * * *
The quokka zombie bites you but does no damage.
You closely miss Prince Ribbit.
Prince Ribbit is moderately wounded.
Prince Ribbit hits you!
* * * LOW HITPOINT WARNING * * *
You block the quokka zombie's attack.
You miss Prince Ribbit.
Prince Ribbit is moderately wounded.
You block Prince Ribbit's attack. Prince Ribbit hits you!
You die...

###### ###### ########
#....# #.....
#......####....# ##.....
#......#.......# .......
#..............#
......[##...............
......Z@F†.........##...
.......##.###......##...
>.........# ##+#...##...
...#.#.#..# #...#.... ..
#.#.#..# #...#.... . .
...... ...$..... .
...... .......... ..
#....#


You could see Prince Ribbit and a quokka zombie.

Vanquished Creatures
  Grinder (D:5)
  Sigmund (D:2)
  A black bear (D:5)
  A phantom (D:4)
  A howler monkey (D:4)
  A centaur skeleton (D:4)
  A bullfrog skeleton (D:4)
  A hound (D:4)
  3 orc wizards
  Natasha (thrice) (D:4)
  Terence (D:2)
  8 adders
  2 oozes
  2 worms
  A dart slug (D:2)
  2 leopard geckos
  19 orcs
  3 bats
  4 giant cockroaches
  7 goblins
  5 hobgoblins
  6 jackals
  3 frilled lizards (D:2)
  9 kobolds
  A quokka skeleton (D:3)
  6 rats
93 creatures vanquished.

Notes
Turn   | Place    | Note
-------+----------+-------------------------------------------
     0 | D:1      | Pasabolo the Hill Orc Fighter began the quest for the Orb.
     0 | D:1      | Reached XP level 1. HP: 19/19 MP: 1/1
   187 | D:1      | Reached XP level 2. HP: 24/27 MP: 2/2
   834 | D:2      | Reached XP level 3. HP: 29/33 MP: 3/3
  1171 | D:2      | Noticed Sigmund
  1180 | D:2      | Killed Sigmund
  1180 | D:2      | Reached XP level 4. HP: 36/40 MP: 4/4
  1180 | D:2      | Reached XP level 5. HP: 41/46 MP: 5/5
  1351 | D:2      | Noticed Terence
  1361 | D:2      | Killed Terence
  1361 | D:2      | Reached XP level 6. HP: 32/53 MP: 6/6
  2048 | D:3      | Reached skill level 5 in Armour
  2573 | D:4      | Noticed Natasha
  2584 | D:4      | Killed Natasha
  2655 | D:4      | Reached skill level 5 in Long Blades
  2719 | D:4      | Noticed Natasha
  2723 | D:4      | Reached XP level 7. HP: 55/60 MP: 7/7
  2730 | D:4      | Killed Natasha
  2752 | D:4      | Reached skill level 1 in Throwing
  2964 | D:4      | Noticed Natasha
  2972 | D:4      | Killed Natasha
  2972 | D:4      | Reached skill level 5 in Fighting
  3293 | D:4      | Reached skill level 5 in Shields
  4016 | D:5      | Entered Level 5 of the Dungeon
  4028 | D:5      | Noticed Grinder
  4132 | D:5      | Killed Grinder
  4132 | D:5      | Reached XP level 8. HP: 58/68 MP: 8/8
  4361 | D:5      | Noticed Prince Ribbit
  4625 | D:5      | Slain by Prince Ribbit

Skill      XL: |  1  2  3  4  5  6  7  8 |
---------------+-------------------------+-----
Fighting       | 4 5 |  5.2
Long Blades    | 3 4 5 6 |  6.4
Armour         | 4 5 6 |  6.1
Shields        | 4 5 |  5.6
Throwing       | 1 |  1.2
Dodging        | |  0.4
Stealth        | |  0.1

Action                   |  1- 3 |  4- 6 |  7- 9 || total
-------------------------+-------+-------+-------++-------
Melee: Long sword        |    68 |   202 |   215 ||   485
Throw: Javelin           |       |    11 |     4 ||    15
  Use: Scroll            |       |     3 |     1 ||     4
       Potion            |       |       |     2 ||     2
  Eat: Fruit             |     1 |       |       ||     1
       Bread ration      |       |     1 |     1 ||     2
       Meat ration       |       |     1 |       ||     1
Armor: Scale mail        |    34 |    28 |       ||    62
       Plate armour      |       |   140 |   179 ||   319
       Skin              |       |       |     6 ||     6
Dodge: Dodged            |    24 |    42 |    43 ||   109
Block: Shield            |    42 |   150 |   134 ||   326
       Rpst.: Long sword |    11 |    10 |    11 ||    32
